 Dungeon Crawl Stone Soup version 0.26-a0-712-ga5a9c9c9d0 (webtiles) character file.

Game seed: 9974203821569118599

15848 Azzok the Severer (level 12, -9/86 HPs)
             Began as a Demonspawn Berserker on Nov 5, 2020.
             Was a High Priest of Trog.
             Mangled by a yak (10 damage)
             ... on level 12 of the Dungeon.
             The game lasted 00:17:17 (15699 turns).

Azzok the Severer (Demonspawn Berserker)           Turns: 15699, Time: 00:17:18

Health: -9/86      AC: 17    Str: 22    XL:     12   Next: 4%
Magic:  0/12       EV:  8    Int:  9    God:    Trog [*****.]
Gold:   695        SH:  5    Dex: 13    Spells: 11/11 levels left

rFire    . . .     SeeInvis .   F - +6 executioner's axe
rCold    . . .     Faith    .   (shield currently unavailable)
rNeg     . . .     Spirit   +   H - +0 plate armour
rPois    .         Reflect  +   (helmet restricted)
rElec    .         Harm     .   E - +0 cloak
rCorr    .         Rampage  .   n - +0 pair of gloves
MR       .....                  D - +0 pair of boots
Stlth    ..........             o - amulet of reflection
HPRegen  0.24/turn              (no ring)
MPRegen  0.13/turn              (no ring)

@: berserk cooldown, slowed, very slow
A: antennae 2, slimy green scales 1, powered by pain 2, magic shield
a: Berserk, Trog's Hand, Brothers in Arms, Renounce Religion


You were on level 12 of the Dungeon.
You worshipped Trog.
Trog was extremely pleased with you.
You visited 1 branch of the dungeon, and saw 12 of its levels.

You collected 695 gold pieces.

Inventory:

Hand Weapons
 a - a +0 hand axe
 b - a +2 hand axe of flaming
 u - a +1 spear of venom
 x - a +1 whip of electrocution
 A - the +7 long sword of Demonkind {speed, rC+ Stlth+}
   (You found it on level 5 of the Dungeon)

   Attacks with this weapon are significantly faster.
   It protects you from cold.
   It makes you more stealthy.
 F - a +6 executioner's axe (weapon)
Armour
 h - a +0 buckler
 n - a +0 pair of gloves (worn)
 D - a +0 pair of boots (worn)
 E - a +0 cloak (worn)
 H - a +0 plate armour (worn)
Jewellery
 k - an uncursed ring of protection from magic {unknown}
 o - an amulet of reflection (around neck)
 w - the ring of Prescription {rPois MR+ SInv, unknown}
   (You found it on level 11 of the Dungeon)

   [ring of poison resistance]

   It protects you from poison.
   It affects your resistance to hostile enchantments.
   It lets you see invisible.
Wands
 y - a wand of flame (33)
 B - a wand of acid (10)
 G - a wand of paralysis (4)
Scrolls
 c - 3 scrolls of immolation {unknown}
 e - 5 scrolls of remove curse {unknown}
 i - 7 scrolls of teleportation
 j - a scroll of amnesia {unknown}
 l - a scroll of enchant armour
 m - 2 scrolls of fear
 p - a scroll of fog
 r - 4 scrolls of magic mapping
 z - 2 scrolls of blinking
 C - a scroll of enchant weapon
 I - a scroll of identify
Potions
 d - 6 potions of curing
 f - 3 potions of heal wounds
 g - a potion of stabbing
 q - 3 potions of magic
 s - 2 potions of flight
 t - 4 potions of haste
 v - a potion of resistance


   Skills:
 - Level 5.4 Fighting
 + Level 15.2 Axes
 - Level 4.5 Armour
 - Level 4.5 Dodging
 - Level 4.0 Shields
 - Level 2.9 Evocations


You had 11 spell levels left.
You didn't know any spells.
Your spell library was empty.

Dungeon Overview and Level Annotations

Branches:
Dungeon (12/15)            Temple (0/1) D:6            Lair (0/6) D:10
    Orc (0/2) D:11

Altars:
Fedhas
Kikubaaqudgha
Okawaru
Qazlal
Ru
Wu Jian
The Shining One

Shops:
D:10 (


Innate Abilities, Weirdness & Mutations

You have a pair of antennae on your head.
You are partially covered in slimy green scales. (AC +2)
You sometimes gain power by taking damage.
When hurt, damage is shared between your health and your magic reserves.


Message History

The worker ant barely misses you. The yak gores you.
* * * LOW HITPOINT WARNING * * *
The yak gores you!
* * * LOW MAGIC WARNING * * *;
* * * LOW HITPOINT WARNING * * *
The yak gores you but does no damage. x2; The yak gores you.
* * * LOW MAGIC WARNING * * *;
* * * LOW HITPOINT WARNING * * *
The yak closely misses you. The yak gores you but does no damage.
The yak gores you.
* * * LOW MAGIC WARNING * * *;
* * * LOW HITPOINT WARNING * * *
Unknown command.
You cut the yak into ribbons!!!
You kill the yak!
Trog accepts your kill.
You slash the yak! You slash the red ugly thing! You closely miss the yak.
You slash the yak!
You kill the yak!
Trog accepts your kill. You block the red ugly thing's attack.
The yak gores you but does no damage. x2
The yak gores you!
You die...

)······/·······
············· ··
············ ···
··········▒▒ ····
o··········▒▒▒····
·o·····<···▒······
··················
·········)·Y······
·········)@uBZ····
··········†Yo·····
···········▒▒·····
···▒·······▒ ····
···········▒ ··▒
···▒····$· ··
···▒▒····· ·
····▒·


You could see a red ugly thing, 2 yaks, a worker ant, an orc and a bullfrog
skeleton.

Vanquished Creatures
  A hydra (D:7)
  Harold (D:7)
  A boulder beetle (D:10)
  A catoblepas (D:11)
  A two-headed ogre (D:11)
  3 unseen horrors (D:10)
  Pikel (D:9)
  A cyclops (D:11)
  2 centaur skeletons (D:10)
  3 trolls
  A hornet (D:9)
  2 wraiths
  A wyvern (D:11)
  A vampire (D:11)
  Eustachio (D:6)
  21 yaks
  2 water moccasins
  Duvessa (D:7)
  2 orc warriors
  3 sky beasts
  An ice beast (D:7)
  2 phantoms
  An eye of draining (D:10)
  4 centaurs
  6 ogres
  3 big kobolds (D:11)
  6 bullfrogs
  A gnoll sergeant (D:7)
  A wyvern zombie (D:7)
  Dowan (D:7)
  3 scorpions
  3 killer bees (D:10)
  5 wights (D:10)
  A howler monkey (D:4)
  A lava snake (D:7)
  4 centaur zombies
  8 hounds
  An orc priest (D:5)
  Crazy Yiuf (D:7)
  6 orc wizards
  2 bullfrog skeletons (D:8)
  3 iguanas
  6 worker ants
  A hound zombie (D:11)
  A hound skeleton (D:9)
  2 worker ant zombies
  10 gnolls
  17 adders
  2 river rats (D:3)
  2 shadow imps
  2 white imps
  3 ufetubi
  4 oozes
  An adder zombie (D:5)
  3 worms
  3 dart slugs
  5 leopard geckos
  25 orcs
  7 bats
  5 giant cockroaches
  14 goblins
  6 hobgoblins
  11 jackals
  22 kobolds
  2 quokkas
  2 ball pythons
  4 frilled lizards
  A jackal skeleton (D:7)
  A leopard gecko skeleton (D:7)
  2 quokka skeletons (D:7)
  2 rats
280 creatures vanquished.

Notes
Turn   | Place    | Note
-------+----------+-------------------------------------------
     0 | D:1      | Azzok the Demonspawn Berserker began the quest for the Orb.
     0 | D:1      | Reached XP level 1. HP: 18/18 MP: 1/1
    58 | D:1      | Reached skill level 3 in Axes
   150 | D:1      | Gained mutation: When hurt, damage is shared between your
                  | health and your magic reserves. [demonic ancestry]
   150 | D:1      | Reached XP level 2. HP: 24/24 MP: 2/2
  1180 | D:2      | Reached XP level 3. HP: 11/29 MP: 1/3
  1608 | D:2      | Reached skill level 1 in Shields
  1632 | D:2      | HP: 1/29 [poisoned by an adder]
  1889 | D:2      | Reached skill level 4 in Axes
  2130 | D:2      | Gained mutation: You are partially covered in slimy green
                  | scales. (AC +2) [demonic ancestry]
  2130 | D:2      | Reached XP level 4. HP: 26/35 MP: 2/4
  2706 | D:2      | Reached ** piety under Trog
  3129 | D:3      | Reached XP level 5. HP: 41/41 MP: 5/5
  3208 | D:3      | You fall into a shaft and drop 3 floors!
  3285 | D:6      | Reached skill level 5 in Axes
  3630 | D:6      | Noticed an ogre
  3648 | D:6      | Killed an ogre
  3648 | D:6      | Gained mutation: You sometimes gain a little power by
                  | taking damage. [demonic ancestry]
  3648 | D:6      | Reached XP level 6. HP: 47/47 MP: 4/6
  3879 | D:6      | Noticed Eustachio
  3892 | D:6      | Killed Eustachio
  3892 | D:6      | Reached skill level 6 in Axes
  3892 | D:6      | Gained mutation: You have a pair of small antennae on your
                  | head. [demonic ancestry]
  3892 | D:6      | Reached XP level 7. HP: 52/52 MP: 7/7
  3945 | D:5      | Entered Level 5 of the Dungeon
  4369 | D:3      | Reached skill level 7 in Axes
  4399 | D:3      | Found an iron altar of Okawaru.
  4407 | D:3      | Reached *** piety under Trog
  4739 | D:3      | Found an ornate altar of the Wu Jian Council.
  4829 | D:3      | Found an ancient bone altar of Kikubaaqudgha.
  4829 | D:3      | Found a sacrificial altar of Ru.
  4913 | D:3      | Found a glowing golden altar of the Shining One.
  5418 | D:4      | Reached skill level 8 in Axes
  5418 | D:4      | Gained mutation: You sometimes gain power by taking damage.
                  | [demonic ancestry]
  5418 | D:4      | Reached XP level 8. HP: 58/58 MP: 8/8
  5930 | D:5      | Got a slimy long sword
  5931 | D:5      | Identified the +7 long sword of Demonkind {speed, rC+
                  | Stlth+} (You found it on level 5 of the Dungeon)
  6518 | D:6      | Found a staircase to the Ecumenical Temple.
  6767 | D:7      | Noticed Dowan
  6768 | D:7      | Noticed Duvessa
  6779 | D:7      | Killed Duvessa
  6779 | D:7      | Reached skill level 9 in Axes
  6782 | D:7      | Killed Dowan
  6788 | D:7      | Reached **** piety under Trog
  6905 | D:7      | Noticed Harold
  6935 | D:7      | Killed Harold
  6935 | D:7      | Reached skill level 10 in Axes
  6935 | D:7      | Reached XP level 9. HP: 42/63 MP: 4/9
  6957 | D:7      | Reached skill level 11 in Axes
  7161 | D:7      | Noticed a four-headed hydra
  7185 | D:7      | Killed a one-headed hydra
  7185 | D:7      | Reached skill level 12 in Axes
  7249 | D:7      | Got a fine chain mail
  7503 | D:7      | Identified the +4 chain mail "Nuiroan" {rC- Str+6} (You
                  | found it on level 7 of the Dungeon)
  7764 | D:7      | Found a runed translucent door.
  7765 | D:7      | Noticed Crazy Yiuf
  7897 | D:7      | Killed Crazy Yiuf
  8252 | D:8      | Gained mutation: You have a pair of antennae on your head.
                  | [demonic ancestry]
  8252 | D:8      | Reached XP level 10. HP: 70/70 MP: 10/10
  8608 | D:8      | Found a stormy altar of Qazlal.
  9312 | D:9      | Found a blossoming altar of Fedhas.
  9389 | D:9      | Reached skill level 13 in Axes
  9714 | D:9      | Paralysed by a hornet for 1 turns
  9747 | D:9      | Noticed Pikel
  9757 | D:9      | Killed Pikel
 10244 | D:9      | Reached skill level 14 in Axes
 10590 | D:10     | Entered Level 10 of the Dungeon
 10814 | D:10     | Reached XP level 11. HP: 75/75 MP: 11/11
 10861 | D:10     | Reached ***** piety under Trog
 10992 | D:10     | Found Ubrelae's Weapon Shoppe.
 11066 | D:10     | Killed an unseen horror
 11429 | D:10     | Noticed a boulder beetle
 11627 | D:10     | HP: 4/114 [boulder beetle (22)]
 12008 | D:10     | Killed a boulder beetle
 12370 | D:10     | Found a staircase to the Lair.
 12574 | D:10     | Killed an unseen horror
 12913 | D:10     | Killed an unseen horror
 13288 | D:11     | Reached skill level 1 in Evocations
 13307 | D:11     | Noticed a two-headed ogre
 13336 | D:11     | Killed a two-headed ogre
 13557 | D:11     | Reached skill level 5 in Fighting
 13754 | D:11     | Found a staircase to the Orcish Mines.
 13890 | D:11     | Got a slimy steel ring
 14348 | D:11     | Noticed a catoblepas
 14357 | D:11     | Killed a catoblepas
 14959 | D:11     | Received a gift from Trog
 15681 | D:12     | Noticed a red ugly thing
 15688 | D:12     | Reached skill level 15 in Axes
 15696 | D:12     | Reached XP level 12. HP: 33/86 MP: 6/12
 15698 | D:12     | HP: 1/86 [yak (5)]
 15699 | D:12     | Mangled by a yak

Illustrated notes

Levels and vault maps discovered:
D:1:      shiori_shiawase, layout_loops_ring, hangedman_glass_teeth,
          nrook_mini_vaults
D:2:      layout_basic
D:3:      kennysheep_the_goblin_king, layout_rooms,
          nicolae_overflow_hidden_temple, gammafunk_temple_overflow_elements,
          okawaru_altar_gauntlet_db, lightli_sewer_entry_pipes,
          nicolae_tso_swordbearing_angel
D:4:      layout_gridville
D:5:      layout_layer_cave
D:6:      layout_cave_pools, minmay_temple_entry_glassed_door, uniq_eustachio
D:7:      layout_basic, kennysheep_generic_room_9, uniq_crazy_yiuf_cottage,
          uniq_harold, uniq_duvessa
D:8:      layout_cave_pools, nicolae_overflow_crystal_walls,
          serial_co_window_serial, co_window_corner_a, co_window_paths_a,
          co_window_paths_a, co_window_paths_a, co_window_paths_b,
          co_window_unsneaky_path_e, co_window_broadway_a, co_window_2corner,
          co_window_corner_b, co_window_paths_c, co_window_corner_cb,
          co_window_unsneaky_path_c, glass_columns_c, glass_columns_b,
          glass_columns_a, glass_columns_a
D:9:      layout_loops_ring, lemuel_coloured_pillars_altar, st_stairs_12,
          uniq_pikel
D:10:     layout_long_grid, lair_entry_dummy, serial_shops, shop
D:11:     layout_layer_cave, orc_0_dummy, kennysheep_small_circle
D:12:     layout_cave_pools

Skill      XL: |  1  2  3  4  5  6  7  8  9 10 11 |
---------------+----------------------------------+-----
Axes           | 3 4 5 6 8 10 12 14 15 | 15.2
Shields        | 1 2 3 4 |  4.0
Dodging        | 2 4 |  4.5
Armour         | 2 4 |  4.5
Fighting       | 5 |  5.4
Evocations     | 2 |  2.9

Action                   |  1- 3 |  4- 6 |  7- 9 | 10-12 || total
-------------------------+-------+-------+-------+-------++-------
Melee: Hand axe          |    70 |   154 |   163 |       ||   387
       Spear             |       |       |    66 |       ||    66
       Long sword        |       |       |   151 |   449 ||   600
       Whip              |       |       |       |   199 ||   199
       Executioner's axe |       |       |       |    26 ||    26
Invok: Berserk           |     3 |     6 |     5 |    10 ||    24
       Trog's Hand       |       |       |       |     1 ||     1
  Use: Scroll            |       |       |     3 |    15 ||    18
       Potion            |       |       |       |     3 ||     3
 Stab: Sleeping          |     1 |       |       |       ||     1
Armor: Animal skin       |     9 |    28 |       |       ||    37
       Ring mail         |       |       |    40 |       ||    40
       Leather armour    |       |       |     5 |       ||     5
       Chain mail        |       |       |    54 |   126 ||   180
       Plate armour      |       |       |       |   161 ||   161
Dodge: Dodged            |    58 |    88 |   130 |   116 ||   392
Block: Buckler           |    10 |    68 |   176 |   229 ||   483
       Reflection        |       |       |    15 |     3 ||    18
       Other             |       |       |       |     8 ||     8
       Rpst.: Long sword |       |       |    15 |    29 ||    44

Table legend: (Time is in decaauts)
 A = Elapsed time spent in this place.
 B = Non-inter-level travel time spent in this place.
 C = Inter-level travel time spent in this place.
 D = Time resting spent in this place.
 E = Time spent auto-exploring this place.
 F = Levels seen in this place.
 G = Mean time per level.
                   A        B        C        D        E       F      G
               +--------+--------+--------+--------+--------+-----+--------+
         Total |  15793 |  15476 |    317 |   2350 |  10624 |  12 | 1316.1 |
       Dungeon |  15793 |  15476 |    317 |   2350 |  10624 |  12 | 1316.1 |
               +--------+--------+--------+--------+--------+-----+--------+

Top non-repeatable levels by time:
    D:11: 2377 daAuts
    D:10: 2199 daAuts
     D:9: 2145 daAuts
     D:2: 2027 daAuts
     D:7: 1200 daAuts
     D:1: 1160 daAuts
     D:6: 1055 daAuts
     D:5: 1039 daAuts
     D:8: 953 daAuts
     D:3: 883 daAuts
     D:4: 725 daAuts
    D:12: 24 daAuts
